 Dungeon Crawl Stone Soup version 0.31-a0-986-g5e6e4ef867 (webtiles) character file.

Game seed: 11501843739803373280

174723 quinnr the Stormcaller (level 18, -2/114 HPs)
             Began as a Tengu Air Elementalist on Nov 5, 2023.
             Was a High Priest of Sif Muna.
             Slain by a 27-headed hydra zombie (3 damage)
             ... on level 4 of the Swamp on Nov 6, 2023.
             The game lasted 01:51:44 (53689 turns).

quinnr the Stormcaller (Tengu Air Elementalist)    Turns: 53689, Time: 01:51:44

Health: -2/114     AC:  9    Str: 19    XL:     18   Next: 7%
Magic:  14/32      EV: 42    Int: 23    God:    Sif Muna [*****.]
Gold:   2068       SH:  5    Dex: 22    Spells: 12/41 levels left

rFire   . . .        b - +6 quarterstaff (spect)
rCold   . . .        (shield currently unavailable)
rNeg    + . .        t - +2 robe of Zocs {rPois rN+ rCorr}
rPois   +            P - +2 hat {SInv}
rElec   .            y - scarf "Okeyta" {repulsion, Str+5}
rCorr   +            p - +2 pair of gloves
SInv    +            (boots unavailable)
Will    ++...        J - amulet of reflection
Stlth   ++++++       W - ring "Fyeroliju" {Will+ Dex+6}
HPRegen 0.39/turn    E - ring "Zoxovi" {Str+6 Stlth+}
MPRegen 0.23/turn

%: repel missiles, reflection, acrobat
@: acrobatic, flying
A: beak, talons 3, evasive flight, acrobatic, low MP 1
a: Renounce Religion, Channel Magic, Forget Spell, Divine Exegesis


You were on level 4 of the Swamp.
You worshipped Sif Muna.
Sif Muna was extremely pleased with you.
You visited 6 branches of the dungeon, and saw 29 of its levels.
You also visited: Bailey, Gauntlet and Volcano.

You collected 3189 gold pieces.
You spent 1121 gold pieces at shops.


Innate Abilities, Weirdness & Mutations

You have a beak for a mouth.
You have claws for feet.
Your magical flight helps you evade attacks. (EV +4)
You can magically evade attacks while moving or waiting.
Your magical capacity is low. (-10% MP)


   Skills:
 + Level 13.2 Fighting
 - Level 4.0 Staves
 - Level 3.0 Armour
 + Level 14.2 Dodging
 - Level 10.0 Stealth
 + Level 12.4 Spellcasting
 - Level 6.0 Conjurations
 - Level 5.0 Summonings
 + Level 16.3 Air Magic
 + Level 4.9 Earth Magic
 - Level 9.0 Poison Magic
 + Level 9.4 Invocations
 + Level 5.3 Evocations


You had 12 spell levels left.
You knew the following spells:

 Your Spells              Type           Power      Damage    Failure   Level
a - Airstrike             Air            37%        2d(6-22)  1%          4
i - Swiftness             Air            74%        N/A       0%          3
l - Summon Lightning Spi  Summ/Air       59%        N/A       1%          4
m - Mephitic Cloud        Conj/Pois/Air  58%        N/A       1%          3
o - Olgreb's Toxic Radia  Pois           54%        N/A       1%          4
t - Static Discharge      Conj/Air       100%       3-8/arc   1%          2
w - Stone Arrow           Conj/Erth      78%        3d11      1%          3
z - Shock                 Conj/Air       100%       1d9       1%          1
X - Arcjolt               Conj/Air       30%        1d40      1%          5

Your spell library contained the following spells:

 Spells                   Type           Power      Damage    Failure   Level
 Foxfire                  Conj/Fire      100%       2x1d9     1%          1
 Sandblast                Erth           72%        2d16      1%          1
 Cigotuvi's Dreadful Rot  Necr/Pois/Air  100%       N/A       1%          2
 Poisonous Vapours        Pois/Air       100%       N/A       1%          2
 Passwall                 Tmut/Erth      20%        N/A       2%          2
 Dazzling Flash           Conj/Hex       56%        N/A       3%          3
 Apportation              Tloc           28%        N/A       4%          1
 Brom's Barrelling Bould  Conj/Erth      39%        2d6       4%          4
 Silence                  Hex/Air        25%        N/A       4%          5
 Animate Armour           Summ/Erth      74%        N/A       6%          4
 Ensorcelled Hibernation  Hex/Ice        28%        N/A       7%          2
 Jinxbite                 Hex            28%        N/A       7%          2
 Sublimation of Blood     Necr           14%        N/A       7%          2
 Confusing Touch          Hex            14%        N/A       13%         3
 Teleport Other           Tloc           14%        N/A       13%         3
 Iskenderun's Mystic Bla  Conj/Tloc      28%        2d7       13%         4
 Leda's Liquefaction      Hex/Erth       12%        N/A       16%         4
 Petrify                  Tmut/Erth      25%        N/A       16%         4
 Summon Ice Beast         Ice/Summ       25%        N/A       16%         4
 Lee's Rapid Deconstruct  Erth           18%        3d11*     16%         5
 Alistair's Intoxication  Tmut/Pois      23%        N/A       19%         5
 Irradiate                Conj/Tmut      14%        3d16      34%         5
 Dimensional Bullseye     Hex/Tloc       7%         N/A       41%         4
 Passage of Golubria      Tloc           14%        N/A       41%         4
 Summon Mana Viper        Hex/Summ       25%        N/A       41%         5
 Summon Cactus Giant      Summ           18%        N/A       65%         6
 Metabolic Englaciation   Hex/Ice        7%         N/A       77%         5
 Starburst                Conj/Fire      14%        6d6       89%         6
 Enfeeble                 Hex            7%         N/A       100%        7
 Malign Gateway           Summ/Tloc      12%        N/A       100%        7
 Discord                  Hex            7%         N/A       100%        8
 Ignition                 Fire           7%         3d4       100%        8
 Dragon's Call            Summ           18%        N/A       100%        9

Inventory:

Hand Weapons
 b - a +6 spectral quarterstaff (weapon)
 s - the +2 whip of Theory {holy, +Blink}
   (You found it in a Gauntlet)

   +Blink:    It lets you blink.
 Y - the +8 sling of Extinguishment {drain, rF+++ rN+ Str-5 Dex+3}
   (You found it on level 1 of the Spider Nest)

   Str-5:     It affects your strength (-5).
   Dex+3:     It affects your dexterity (+3).
   rF+++:     It renders you almost immune to fire.
   rN+:       It protects you from negative energy.
Missiles
 c - 12 silver javelins
Armour
 p - a +2 pair of gloves (worn)
 t - the +2 robe of Zocs (worn) {rPois rN+ rCorr}
   (You took it off a kobold in a bailey)

   rPois:     It protects you from poison rN+: It protects you from negative
   energy.
   rCorr:     It protects you from acid and corrosion.
 y - the scarf "Okeyta" (worn) {repulsion, Str+5}
   (You bought it in a shop on level 2 of the Dungeon)

   Str+5:     It affects your strength (+5).
 P - a +2 hat of see invisible (worn)
Magical Staves
 a - a staff of poison {!a}
 I - the staff "Esuladd" {rElec rN+ Dex+2 SInv Stlth- Necro, !a}
   (You found it on level 5 of the Lair of Beasts)

   [staff of death]

   Base accuracy: +5 Base damage: 5 Base attack delay: 1.2 This weapon's minimum
   attack delay (0.6) is reached at skill level 12.
   Dex+2:     It affects your dexterity (+2).
   rElec:     It insulates you from electricity.
   rN+:       It protects you from negative energy.
   SInv:      It lets you see invisible.
   Stlth-:    It makes you less stealthy.
   Necro:     It increases the power of your Necromancy spells.
   It falls into the 'Staves' category.
   It is a one-handed weapon.
 O - the staff "Humof" {*Slow rPois Dex+7 Conj, !a}
   (You found it on level 11 of the Dungeon)

   [staff of conjuration]

   Base accuracy: +5 Base damage: 5 Base attack delay: 1.2 This weapon's minimum
   attack delay (0.6) is reached at skill level 12.
   Dex+7:     It affects your dexterity (+7).
   rPois:     It protects you from poison *Slow: It may slow you when you take
   damage.
   Conj:      It increases the power of your Conjurations spells.
   It falls into the 'Staves' category.
   It is a one-handed weapon.
Jewellery
 f - a ring of protection from fire
 A - an amulet of regeneration
 C - a ring of protection from cold
 E - the ring "Zoxovi" (right hand) {Str+6 Stlth+}
   (You found it on level 7 of the Dungeon)

   [ring of strength]

   Str+6:     It affects your strength (+6).
   Stlth+:    It makes you more stealthy.
 J - an amulet of reflection (around neck)
 R - a ring of resist corrosion
 T - a +4 ring of protection
 W - the ring "Fyeroliju" (left hand) {Will+ Dex+6}
   (You found it on level 2 of the Orcish Mines)

   [ring of dexterity]

   Dex+6:     It affects your dexterity (+6).
   Will+:     It increases your willpower.
 X - the ring of Seneowno {Contam rPois Str+6 Dex+5 Stlth+}
   (You found it on level 2 of the Lair of Beasts)

   [ring of strength]

   Str+6:     It affects your strength (+6).
   Dex+5:     It affects your dexterity (+5).
   rPois:     It protects you from poison Contam: It causes magical
   contamination when unequipped.
   Stlth+:    It makes you more stealthy.
Wands
 n - a wand of flame (8)
 w - a wand of acid (16)
 D - a wand of roots (9)
 L - a wand of charming (13)
 N - a wand of mindburst (11)
 U - a wand of polymorph (10)
Scrolls
 e - 3 scrolls of fear
 j - 17 scrolls of teleportation {@r2}
 k - 7 scrolls of fog
 o - 4 scrolls of amnesia
 r - 4 scrolls of immolation
 K - a scroll of enchant weapon
 V - 6 scrolls of poison
 Z - a scroll of revelation
Potions
 d - 4 potions of magic
 g - 9 potions of curing {@q1}
 h - 5 potions of brilliance
 l - 7 potions of enlightenment
 m - 9 potions of mutation
 u - 3 potions of heal wounds {@q2}
 v - 3 potions of cancellation
 x - 3 potions of berserk rage {!q}
 z - 4 potions of haste {@q3}
 G - 2 potions of invisibility
 H - 2 potions of resistance
 Q - 4 potions of might
Miscellaneous
 q - a phial of floods
 F - a lightning rod (2/4)
 S - a condenser vane

Dungeon Overview and Level Annotations

Branches:
Dungeon (15/15)            Temple (1/1) D:5            Lair (5/5) D:8
  Swamp (4/4) Lair:3       Spider (2/4) Lair:2        Slime (0/5) Lair:5
    Orc (2/2) D:9             Elf (0/3) Orc:2        Vaults (0/5) D:13
 Depths (0/4) D:15         Bailey (visited)         Volcano (visited)
Gauntlet (visited)

Altars:
Ashenzari
Cheibriados
Dithmenos
Elyvilon
Fedhas
Gozag
Hepliaklqana
Kikubaaqudgha
Makhleb
Nemelex Xobeh
Okawaru
Qazlal
Ru
Sif Muna
Trog
Uskayaw
Vehumet
Wu Jian
Xom
Yredelemnul
Zin
The Shining One
Jiyva

Shops:
D:2 ?*(*=   D:7 ?   D:12 (   Orc:2 ::(:(([!*

Annotations:
Lair:2 Mlioglotl
Swamp:2 1 runed translucent door, exclusion: door
Swamp:4 Bai Suzhen, Roxanne

♣♣♣♣♣ ♣~..♣ ....♣♣♣ ~.♣~..♣♣♣♣♣
♣♣♣ ~~ ....~~....♣♣♣♣
♣♣♣~~♣♣~~.
.~~~~~~..♣♣♣~♣♣♣♣~...~♣.......
.~..~~~~~.~...~..~§~~§~~...~§.~
..~~~.....~~~~[[@Z§~~~~~~...~~.
~~.....♣..~~~~~~~~~~~~~~~~..~~~
~§~....~..~§[~~♣♣~§~§~~~~~..~~~
~~.~.~♣♣..~~~~.♣♣f~~~~~~~~~~.~
..~~~~♣..~~~~~..♣♣~§~~.§~~~♣
..~..~~~~~~§....♣♣f.[..~[~~♣♣
§~~~.~~~..♣§♣♣♣~~.~..$~.~~~~♣
~~~<~~~~~....♣♣♣##...##.<.♣♣♣
.......~~~~.~~# #.~♣♣#♣♣♣♣


You could see a thorn hunter, a shambling mangrove and a 27-headed hydra zombie.


Message History

Casting: Arcjolt (mildly dangerous; 1% risk of failure)
Confirm with . or Enter, or press ? or * to list all spells.
Okay, then.
Unknown command.
Unknown command.
Roots burst forth from the earth!
The grasping roots grab you! The grasping roots constrict you!
* * * LOW HITPOINT WARNING * * *
Unknown command.
Unknown command.
Unknown command.
You escape the roots grasp.
The 27-headed hydra zombie completely misses you.
You block the 27-headed hydra zombie's attack.
The 27-headed hydra zombie misses you. The 27-headed hydra zombie bites you!
* * * LOW HITPOINT WARNING * * *
The 27-headed hydra zombie completely misses you.
The 27-headed hydra zombie bites you.
* * * LOW HITPOINT WARNING * * *
The 27-headed hydra zombie completely misses you.
The 27-headed hydra zombie barely misses you.
The 27-headed hydra zombie completely misses you.
The 27-headed hydra zombie bites you but does no damage. x2
You block the 27-headed hydra zombie's attack.
The 27-headed hydra zombie completely misses you.
The 27-headed hydra zombie misses you. The 27-headed hydra zombie bites you.
* * * LOW HITPOINT WARNING * * *
The 27-headed hydra zombie misses you. The 27-headed hydra zombie bites you.
You die...

Skill      XL: |  1  2  3  4  5  6  7  8  9 10 11 12 13 14 15 16 17 |
---------------+----------------------------------------------------+-----
Air Magic      | 5 6 8 9 10 13 16 | 16.3
Fighting       | 1 2 4 5 6 8 9 10 13 | 13.2
Dodging        | 4 9 11 14 | 14.2
Stealth        | 3 5 9 10 | 10.0
Spellcasting   | 5 6 7 10 12 | 12.4
Conjurations   | 3 6 |  6.0
Evocations     | 4 5 |  5.3
Poison Magic   | 4 9 |  9.0
Armour         | 2 3 |  3.0
Summonings     | 4 5 |  5.0
Invocations    | 6 9 |  9.4
Staves         | 3 4 |  4.0
Earth Magic    | 4 |  4.9

Action                     |  1- 3 |  4- 6 |  7- 9 | 10-12 | 13-15 | 16-18 || total
---------------------------+-------+-------+-------+-------+-------+-------++-------
  Melee: Quarterstaff      |     9 |     7 |     8 |    20 |    91 |    70 ||   205
         Kick              |     2 |     2 |     3 |     3 |    42 |    33 ||    85
         Peck              |     1 |     1 |     1 |     6 |    36 |    15 ||    60
   Fire: Sling             |       |       |       |       |       |     6 ||     6
   Cast: Shock             |    77 |   122 |   238 |    58 |    34 |    17 ||   546
         Static Discharge  |     1 |    14 |    16 |    39 |    37 |    14 ||   121
         Airstrike         |       |       |    24 |   193 |   236 |   365 ||   818
         Swiftness         |       |       |     1 |     1 |     3 |    12 ||    17
         Olgreb's Toxic Ra |       |       |       |    40 |    68 |    78 ||   186
         Summon Lightning  |       |       |       |    23 |    94 |   128 ||   245
         Mephitic Cloud    |       |       |       |       |     6 |    20 ||    26
         Arcjolt           |       |       |       |       |     3 |    49 ||    52
         Stone Arrow       |       |       |       |       |       |    64 ||    64
         Starburst         |       |       |       |       |       |     1 ||     1
 Invoke: Channel Magic     |       |       |       |       |     1 |       ||     1
         Divine Exegesis   |       |       |       |       |       |     1 ||     1
  Evoke: Wand              |       |       |     1 |     8 |     8 |     2 ||    19
         Lightning rod     |       |       |       |     4 |     8 |    12 ||    24
         Condenser vane    |       |       |       |       |     1 |     1 ||     2
    Use: Scroll            |       |     7 |     6 |     6 |    20 |     3 ||    42
         Potion            |       |       |       |     1 |     3 |     1 ||     5
   Stab: Distracted        |       |       |       |       |     2 |     6 ||     8
         Invisible         |       |       |       |       |     1 |       ||     1
         Confused          |       |       |       |       |       |     3 ||     3
         Sleeping          |       |       |       |       |       |     1 ||     1
 Armour: Robe              |    16 |    44 |    50 |   103 |   168 |   272 ||   653
  Dodge: Dodged            |    30 |    22 |    59 |   121 |   423 |   714 ||  1369
         Repelled          |       |       |     1 |     5 |     6 |    10 ||    22
  Block: Other             |       |       |       |       |       |   136 ||   136
         Reflection        |       |       |       |       |       |     4 ||     4

Levels and vault maps discovered:
D:1:      mrwooster_arrival_statue, layout_rooms,
          shapermc_ecumenical_altar_starsandcircs
D:2:      layout_basic, serial_shops, nicolae_shop_tiny_glass, shop, shop,
          nicolae_square_shop, nicolae_shop_tiny_real_fake_doors,
          chequers_serial_rivers_room_a, uniq_robin, uniq_natasha, uniq_terence
D:3:      layout_basic, hangedman_decor_clover_reticule
D:4:      layout_layer_cave
D:5:      layout_basic, nicolae_overflows_in_rows,
          nicolae_overflow_crystal_walls, minmay_temple_entry_tees
D:6:      layout_basic
D:7:      layout_basic, serial_shops, nicolae_shop_tiny_statue_garden
D:8:      layout_loops_cross, nicolae_vehumet_radiance, lair_entry_dummy,
          enter_bailey_6
D:9:      layout_irregular_city, david_orc_4
D:10:     layout_rooms
D:11:     layout_basic, grunt_gozag_statues, uniq_psyche
D:12:     nzn_winding_woodlands_cross [nzn_winding_woodlands_5x15_cabin,
          nzn_winding_woodlands_5x15_river_crossing,
          nzn_winding_woodlands_5x15_eye, nzn_winding_woodlands_5x15_pockets,
          nzn_winding_woodlands_15x15_boxy_spiral], layout_cave_pools,
          serial_column_ruins, column_ruins_circle_medium,
          column_ruins_square_medium, column_ruins_open_tiny,
          column_ruins_columns_straight, column_ruins_open_medium,
          column_ruins_open_tiny, column_ruins_open_small,
          column_ruins_open_medium, minmay_misc_feat_more_columns,
          nicolae_shop_firing_range, uniq_fannar
D:13:     layout_stronghold, david_vaults_1
D:14:     layout_rooms
D:15:     hangedman_depths_entry_try_elsewhere_first, layout_long_grid
Temple:   chequers_temple_sunken
Lair:1:   layout_layer_cave, nicolae_volcano_entry_hallway, uniq_gastronok
Lair:2:   layout_cave_shapes, nicolae_spider_entry_orb_guardian, serial_forest,
          infiniplex_forest_lined_corner, infiniplex_forest_straight_4,
          infiniplex_forest_clump_cross, infiniplex_forest_pool,
          infiniplex_forest_lined_1, infiniplex_forest_straight_5,
          infiniplex_forest_zigzag_1, infiniplex_forest_end_1,
          infiniplex_staircase_pool, uniq_sonja
Lair:3:   layout_roguey, skrybe_swamp_entry_bodies, portal_ice_cave_entry_imps,
          beast_lair_carwin_5
Lair:4:   layout_small_grid, guppyfry_lair_drakes, grunt_megastairs_3,
          serial_bayou_shore_a, serial_bayou_shore_b
Lair:5:   gammafunk_lair_ancient_temple, layout_layer_cave,
          dpeg_slime_entry_enclosed, gauntlet_entry_generic,
          nicolae_lair_yak_garden
Swamp:1:  layout_basic_swamp, hangedman_swamp_ruin_wall, swamp_pool_1_2
Swamp:2:  layout_falls_marsh, ebering_ghost_inner_flame,
          evilmike_swamp_ruin_rubble_2, nicolae_swamp_bean_lake, swamp_pool_3
Swamp:3:  layout_basic_swamp, evilmike_swamp_ruin_rubble_1, swamp_pool_1_2,
          nicolae_swamp_decorative_isthmus
Swamp:4:  byrel_swamp_growth_death_and_undeath, layout_basic_swamp,
          uniq_bai_suzhen, uniq_roxanne
Spider:1: layout_spider_delve, uniq_mlioglotl
Spider:2: cheibrodos_spider_deadly_dance, uniq_jorgrun, uniq_frances
Orc:1:    layout_diamond_mine, basic_altar
Orc:2:    st_orc_mages, layout_diamond_mine, gammafunk_ghost_stat_death,
          serial_shops, nicolae_shop_tiny_glass, shop, shop,
          nicolae_shop_statue_plus, shop

Notes
Turn   | Place    | Note
-------+----------+-------------------------------------------
     0 | D:1      | quinnr the Tengu Air Elementalist began the quest for the
                  | Orb.
     0 | D:1      | Reached XP level 1. HP: 10/10 MP: 4/4
   199 | D:1      | Reached XP level 2. HP: 15/15 MP: 4/6
   345 | D:1      | Reached skill level 5 in Air Magic
   576 | D:2      | Learned a level 2 spell: Static Discharge
   621 | D:2      | Found Noing's Weapon Shop.
   657 | D:2      | Reached XP level 3. HP: 19/19 MP: 2/7
   718 | D:2      | Learned a level 3 spell: Swiftness
   734 | D:2      | Found Zeloxzud's Jewellery Emporium.
   747 | D:2      | Noticed Natasha
   784 | D:2      | Noticed Terence
   900 | D:2      | Found Essepal's Assorted Antiques.
   956 | D:2      | Reached skill level 6 in Air Magic
   984 | D:2      | Bought a scroll labelled UMIOGHIFUY for 23 gold pieces
  1057 | D:2      | Noticed Robin
  1323 | D:1      | Found a faded altar of an unknown god.
  1397 | D:1      | Reached XP level 4. HP: 24/24 MP: 4/8
  1555 | D:2      | Found Jeun's Magic Scroll Shoppe.
  1563 | D:1      | Killed Natasha
  1564 | D:1      | Reached skill level 1 in Fighting
  1654 | D:1      | Noticed Natasha
  1655 | D:1      | Found a faded altar of an unknown god.
  1659 | D:1      | Killed Natasha
  1660 | D:1      | Reached XP level 5. HP: 28/29 MP: 4/9
  1894 | D:1      | Noticed Natasha
  1900 | D:1      | Killed Natasha
  1901 | D:1      | Reached skill level 3 in Dodging
  2178 | D:2      | Killed Robin
  2179 | D:2      | Reached skill level 3 in Stealth
  2218 | D:2      | Reached skill level 2 in Fighting
  2369 | D:2      | Found Xoram's Assorted Antiques.
  3251 | D:3      | Reached skill level 4 in Dodging
  3335 | D:3      | Reached XP level 6. HP: 35/35 MP: 0/10
  4000 | D:4      | Reached skill level 7 in Air Magic
  4283 | D:5      | Entered Level 5 of the Dungeon
  4324 | D:5      | Found an opulent altar of Gozag.
  4324 | D:5      | Found a sparkling altar of Nemelex Xobeh.
  4325 | D:5      | Found a hide-covered altar of Uskayaw.
  4326 | D:5      | Found a glowing silver altar of Zin.
  4326 | D:5      | Found a sacrificial altar of Ru.
  4326 | D:5      | Found an iron altar of Okawaru.
  4328 | D:5      | Found a hazy altar of Hepliaklqana.
  4328 | D:5      | Found a shadowy altar of Dithmenos.
  4328 | D:5      | Found a shimmering altar of Xom.
  4533 | D:5      | Reached skill level 8 in Air Magic
  4533 | D:5      | Gained mutation: Your magical flight helps you evade
                  | attacks. (EV +4) [Tengu growth]
  4533 | D:5      | Reached XP level 7. HP: 40/40 MP: 6/11
  4642 | D:5      | Found a basalt altar of Yredelemnul.
  4791 | D:5      | Found a staircase to the Ecumenical Temple.
  4802 | D:5      | Reached skill level 9 in Air Magic
  4803 | Temple   | Entered the Ecumenical Temple
  4861 | Temple   | Became a worshipper of Sif Muna the Loreminder
  5168 | D:5      | Reached skill level 3 in Fighting
  5415 | D:5      | Reached skill level 4 in Fighting
  5612 | D:6      | Reached XP level 8. HP: 48/48 MP: 7/13
  5715 | D:6      | Reached skill level 3 in Spellcasting
  5715 | D:6      | Reached skill level 2 in Conjurations
  5843 | D:6      | Learned a level 4 spell: Airstrike
  5847 | D:6      | Reached skill level 3 in Conjurations
  6172 | D:2      | Bought a fine scarf for 170 gold pieces
  6172 | D:2      | Identified the scarf "Okeyta" {repulsion, Str+5} (You
                  | bought it in a shop on level 2 of the Dungeon)
  6366 | D:4      | Reached skill level 4 in Spellcasting
  7259 | D:7      | Noticed a wyvern
  7263 | D:7      | Killed a wyvern
  7441 | D:7      | Reached skill level 5 in Spellcasting
  7441 | D:7      | Reached skill level 10 in Air Magic
  7676 | D:7      | Reached skill level 5 in Fighting
  7677 | D:7      | Reached XP level 9. HP: 48/54 MP: 10/17
  7679 | D:7      | Reached * piety under Sif Muna
  7680 | D:7      | Reached skill level 6 in Fighting
  7812 | D:7      | Reached skill level 1 in Evocations
  8120 | D:7      | Identified the ring "Zoxovi" {Str+6 Stlth+}
  8251 | D:7      | Found Usastreir's Magic Scroll Boutique.
  8330 | D:8      | Found a staircase to the Lair.
  8415 | D:8      | Found a radiant altar of Vehumet.
  8418 | D:8      | Found a flagged portal.
  8426 | D:8      | Reached skill level 2 in Evocations
  8451 | Bailey   | Entered a bailey
  8559 | Bailey   | Identified the +2 robe of Zocs {rPois rN+ rCorr}
  8604 | Bailey   | Reached skill level 3 in Evocations
  8701 | Bailey   | Reached ** piety under Sif Muna
  8813 | Bailey   | Reached skill level 6 in Spellcasting
  8891 | Bailey   | Reached skill level 4 in Evocations
  8955 | Bailey   | Learned a level 4 spell: Olgreb's Toxic Radiance
  9042 | Bailey   | Reached skill level 1 in Poison Magic
  9103 | Bailey   | Reached skill level 2 in Poison Magic
  9704 | D:8      | Reached skill level 3 in Poison Magic
 10035 | D:8      | Reached skill level 4 in Poison Magic
 10336 | D:8      | Reached XP level 10. HP: 44/60 MP: 15/20
 10552 | D:9      | Reached skill level 5 in Poison Magic
 10705 | D:9      | Reached skill level 6 in Poison Magic
 11103 | D:9      | Reached skill level 7 in Poison Magic
 11188 | D:9      | Reached *** piety under Sif Muna
 11433 | D:10     | Entered Level 10 of the Dungeon
 11540 | D:10     | Reached skill level 8 in Poison Magic
 12285 | D:9      | Reached skill level 9 in Poison Magic
 12554 | D:9      | Reached skill level 4 in Stealth
 12938 | D:9      | Found a staircase to the Orcish Mines.
 13037 | D:9      | Reached skill level 5 in Stealth
 13128 | D:9      | Reached skill level 1 in Armour
 13241 | D:9      | Reached skill level 2 in Armour
 13241 | D:9      | Reached XP level 11. HP: 34/64 MP: 1/21
 13258 | D:9      | Reached **** piety under Sif Muna
 13259 | D:9      | Reached skill level 5 in Dodging
 13592 | D:9      | Identified a potion of resistance
 13748 | D:2      | Bought a scroll labelled PIORCH RUTWIGG for 23 gold pieces
 13748 | D:2      | Bought a short glowing staff for 276 gold pieces
 13748 | D:2      | Bought a scroll of identify for 46 gold pieces
 13908 | IceCv    | Identified the of Diamianu
 13908 | Orc:1    | Entered Level 1 of the Orcish Mines
 13909 | Orc:1    | Noticed an orc sorcerer
 13912 | Orc:1    | Killed an orc sorcerer
 13913 | Orc:1    | Reached skill level 3 in Armour
 14010 | D:9      | Reached skill level 6 in Dodging
 14251 | Orc:1    | Noticed an orc sorcerer
 14252 | Orc:1    | Killed an orc sorcerer
 14364 | Orc:1    | Reached skill level 7 in Dodging
 14488 | Orc:1    | Noticed an orc warlord
 14580 | D:9      | Killed an orc warlord
 14581 | D:9      | Reached skill level 8 in Dodging
 14927 | Orc:1    | Noticed a cyclops
 14934 | Orc:1    | Killed a cyclops
 14935 | Orc:1    | Reached skill level 9 in Dodging
 15106 | Orc:1    | Found a bloodstained altar of Trog.
 15253 | Orc:2    | Entered Level 2 of the Orcish Mines
 15263 | Orc:2    | Found a transporter.
 15269 | Orc:2    | Noticed Sirjeffry24's ghost (adept TeAE)
 15300 | Orc:2    | Found Ynijex's General Store.
 15306 | Orc:2    | Found a transporter.
 15369 | Orc:2    | Found Gilenn Ziha's Armour Boutique.
 15807 | Orc:2    | Found Ureang's Book Emporium.
 15819 | Orc:2    | Found Ocoonydgh's Book Shop.
 15826 | Orc:2    | Found a staircase to the Elven Halls.
 15827 | Orc:2    | Bought a book of Iron for 448 gold pieces
 15832 | Orc:2    | Learned a level 4 spell: Summon Lightning Spire
 16049 | Orc:2    | Noticed an orc sorcerer
 16055 | Orc:2    | Killed an orc sorcerer
 16056 | Orc:2    | Reached skill level 1 in Summonings
 16222 | Orc:2    | Noticed an orc sorcerer
 16228 | Orc:2    | Noticed an orc knight
 16229 | Orc:2    | Reached skill level 2 in Summonings
 16247 | Orc:2    | Killed an orc knight
 16248 | Orc:2    | Killed an orc sorcerer
 16249 | Orc:2    | Reached skill level 3 in Summonings
 16367 | Orc:2    | Reached ***** piety under Sif Muna
 16810 | Orc:2    | Noticed an orc high priest
 16814 | Orc:2    | Killed an orc high priest
 16815 | Orc:2    | Reached skill level 4 in Summonings
 16815 | Orc:2    | Reached XP level 12. HP: 63/70 MP: 5/23
 17405 | Orc:2    | Reached skill level 5 in Summonings
 17556 | Orc:2    | Reached skill level 11 in Air Magic
 17806 | Orc:2    | Reached skill level 10 in Dodging
 17806 | Orc:2    | Reached skill level 7 in Spellcasting
 18190 | Orc:2    | Found Ybatz's Weapon Shoppe.
 18190 | Orc:2    | Found Afu Jowe's Antique Weapon Emporium.
 18191 | Orc:2    | Found Jomm's Antique Weapon Emporium.
 18195 | Orc:2    | Found Bura's Book Shoppe.
 18504 | Orc:2    | Found Amipiap's Distillery.
 18514 | Orc:2    | Bought a potion of heal wounds for 75 gold pieces
 18514 | Orc:2    | Bought a potion of brilliance for 60 gold pieces
 18659 | Lair:1   | Entered Level 1 of the Lair of Beasts
 18667 | Lair:1   | Identified the "Yqaopn" (Sif Muna gifted it to you on
                  | level 1 of the Lair of Beasts)
 18667 | Lair:1   | Received a gift from Sif Muna
 18883 | Lair:1   | Reached skill level 12 in Air Magic
 18995 | Lair:1   | Noticed Gastronok
 19014 | Lair:1   | Killed Gastronok
 19015 | Lair:1   | Reached skill level 11 in Dodging
 19024 | Lair:1   | Found a dark tunnel.
 19035 | Volcano  | Entered a volcano
 19228 | Volcano  | Reached skill level 13 in Air Magic
 19260 | Volcano  | Reached skill level 7 in Fighting
 19319 | Volcano  | Noticed a hell knight
 19325 | Volcano  | Killed a hell knight
 19641 | Volcano  | Reached skill level 8 in Fighting
 19924 | D:8      | Reached XP level 13. HP: 63/79 MP: 1/24
 20163 | Lair:1   | Reached skill level 9 in Fighting
 20641 | Lair:1   | Identified a potion of experience
 20675 | Lair:1   | Reached skill level 6 in Invocations
 20675 | Lair:1   | Reached XP level 14. HP: 86/86 MP: 25/25
 20976 | Lair:2   | Noticed Sonja
 21233 | Lair:2   | Killed Sonja
 21373 | Lair:2   | Reached skill level 10 in Fighting
 21933 | Lair:2   | Reached skill level 14 in Air Magic
 22091 | Lair:2   | Identified the ring of Seneowno {Contam rPois Str+6 Dex+5
                  | Stlth+}
 22350 | Lair:2   | Found a hole to the Spider Nest.
 22714 | Lair:2   | Reached skill level 15 in Air Magic
 22996 | Lair:3   | Identified the "Higirr" (Sif Muna gifted it to you on
                  | level 3 of the Lair of Beasts)
 22996 | Lair:3   | Received a gift from Sif Muna
 23121 | Lair:3   | Found a staircase to the Swamp.
 23141 | Lair:3   | Reached skill level 16 in Air Magic
 23169 | Lair:3   | You are sucked into a shaft and drop 2 floors!
 23169 | Lair:5   | Entered Level 5 of the Lair of Beasts
 23465 | Lair:5   | Reached skill level 8 in Spellcasting
 23541 | Lair:5   | Found a gate leading to a gauntlet.
 23549 | Gauntlet | Entered a Gauntlet
 23549 | Gauntlet | Found the macabre finger necklace {Finger+ rN+}
 23549 | Gauntlet | Found a transporter.
 23549 | Gauntlet | Found a transporter.
 23680 | Gauntlet | Found a transporter.
 23682 | Gauntlet | Found a transporter.
 23684 | Gauntlet | Found a large runed translucent door.
 23685 | Gauntlet | Found a large runed translucent door.
 23686 | Gauntlet | Found a large runed translucent door.
 23686 | Gauntlet | Found a large runed translucent door.
 23686 | Gauntlet | Found a runed translucent door.
 23686 | Gauntlet | Found a runed translucent door.
 23687 | Gauntlet | Found a large runed translucent door.
 23688 | Gauntlet | Found a large runed translucent door.
 23689 | Gauntlet | Found a large runed translucent door.
 23689 | Gauntlet | Found a large runed translucent door.
 23690 | Gauntlet | Found a runed translucent gate.
 23690 | Gauntlet | Found a runed translucent gate.
 23690 | Gauntlet | Found a runed translucent gate.
 23692 | Gauntlet | Found a transporter.
 23696 | Gauntlet | Found a transporter.
 23708 | Gauntlet | Found a transporter.
 23739 | Gauntlet | Found a large runed translucent door.
 23739 | Gauntlet | Found a large runed translucent door.
 23740 | Gauntlet | Found a large runed translucent door.
 23741 | Gauntlet | Found a large runed translucent door.
 23742 | Gauntlet | Found a large runed translucent door.
 23742 | Gauntlet | Found a large runed translucent door.
 23743 | Gauntlet | Found a large runed translucent door.
 23744 | Gauntlet | Found a large runed translucent door.
 23750 | Gauntlet | Found a transporter.
 23750 | Gauntlet | Found a transporter.
 23794 | Gauntlet | Found a transporter.
 23798 | Gauntlet | Found a transporter.
 23808 | Gauntlet | Found a transporter.
 23818 | Gauntlet | Noticed a dire elephant
 24514 | Gauntlet | Identified the +6 broad axe "Goblinbane" {heavy, Str+3
                  | Int+3 Dex+3}
 24514 | Gauntlet | Identified the +2 whip of Theory {holy, +Blink}
 24629 | Lair:5   | Reached skill level 9 in Spellcasting
 25112 | Lair:4   | Reached skill level 10 in Spellcasting
 25112 | Lair:4   | Reached XP level 15. HP: 92/92 MP: 21/30
 25723 | Lair:3   | Learned a level 5 spell: Arcjolt
 25727 | Lair:3   | Learned a level 3 spell: Mephitic Cloud
 26515 | Lair:4   | Reached skill level 4 in Conjurations
 26770 | Lair:4   | Reached skill level 5 in Conjurations
 26776 | Lair:4   | Reached skill level 12 in Dodging
 26928 | Lair:4   | Reached skill level 6 in Conjurations
 27576 | Lair:4   | Identified the +1 plate armour "Vaolox" {Rampage rElec
                  | Dex-3}
 28127 | Lair:5   | Reached skill level 13 in Dodging
 28926 | Lair:5   | Reached skill level 14 in Dodging
 29307 | Lair:5   | Found a viscous altar of Jiyva.
 29307 | Lair:5   | Found a staircase to the Slime Pits.
 29351 | Lair:5   | Reached skill level 6 in Stealth
 29704 | Lair:5   | Reached skill level 7 in Stealth
 29802 | Lair:5   | Identified the "Cicig" (Sif Muna gifted it to you on level
                  | 5 of the Lair of Beasts)
 29802 | Lair:5   | Received a gift from Sif Muna
 30094 | Lair:5   | Identified the +7 trident "Habiraon" {drain, *Noise Fly
                  | Int+2}
 30095 | Lair:5   | Identified the staff "Esuladd" {rElec rN+ Dex+2 SInv Stlth-
                  | Necro}
 30904 | D:11     | Identified the staff "Humof" {*Slow rPois Dex+7 Conj}
 31058 | D:11     | Found an opulent altar of Gozag.
 31080 | D:11     | Reached skill level 8 in Stealth
 31190 | D:11     | Noticed Psyche
 31196 | D:11     | Killed Psyche
 32084 | D:11     | Reached skill level 1 in Staves
 32602 | D:12     | Found Ylleyluph's Firing Range.
 32798 | D:12     | Reached skill level 2 in Staves
 33209 | D:12     | Noticed Fannar
 33210 | D:12     | Reached skill level 3 in Staves
 33210 | D:12     | Reached skill level 9 in Stealth
 33210 | D:12     | Reached XP level 16. HP: 97/97 MP: 16/31
 33212 | D:12     | Killed Fannar
 33891 | D:12     | Reached skill level 4 in Staves
 34132 | D:12     | Noticed a tengu reaver
 34140 | D:12     | Killed a tengu reaver
 34325 | D:12     | Identified the +7 shadow dragon scales of the Devil {rF+
                  | Str+3 Int+3 Stlth++++}
 34457 | D:12     | You are sucked into a shaft and drop 3 floors!
 34457 | D:15     | Entered Level 15 of the Dungeon
 34540 | D:15     | Identified the "Zucroiwu" (Sif Muna gifted it to you on
                  | level 15 of the Dungeon)
 34540 | D:15     | Received a gift from Sif Muna
 34541 | D:15     | Reached skill level 10 in Stealth
 35040 | D:13     | Reached skill level 7 in Invocations
 36027 | D:13     | Found a gate to the Vaults.
 36629 | D:13     | Reached skill level 11 in Fighting
 37346 | D:14     | Reached skill level 8 in Invocations
 39325 | D:15     | Reached skill level 9 in Invocations
 39334 | D:15     | Reached skill level 12 in Fighting
 39637 | D:15     | Found a staircase to the Depths.
 40035 | D:2      | Found Essepal's Assorted Antiques.
 40063 | D:2      | Found Jeun's Magic Scroll Shoppe.
 40096 | D:2      | Found Xoram's Assorted Antiques.
 40138 | D:2      | Found Zeloxzud's Jewellery Emporium.
 40181 | D:2      | Found Noing's Weapon Shop.
 40479 | D:2      | Found Zeloxzud's Jewellery Emporium.
 40501 | D:2      | Killed Terence
 41482 | Orc:2    | Killed Sirjeffry24's ghost
 41484 | Orc:2    | Identified the ring "Fyeroliju" {Will+ Dex+6}
 41783 | Spider:1 | Entered Level 1 of the Spider Nest
 42868 | Spider:1 | Reached skill level 13 in Fighting
 42933 | Spider:1 | Reached XP level 17. HP: 107/108 MP: 7/32
 43050 | Spider:1 | Identified the +8 sling of Extinguishment {drain, rF+++ rN+
                  | Str-5 Dex+3}
 43063 | Spider:1 | Noticed Mlioglotl
 43135 | Spider:1 | HP: 4/108 [demonic crawler (12)]
 43138 | Spider:1 | HP: 1/108 [demonic crawler (4)]
 43545 | Spider:1 | Identified the of Miesk (Sif Muna gifted it to you on
                  | level 1 of the Spider Nest)
 43545 | Spider:1 | Received a gift from Sif Muna
 44484 | Spider:2 | Reached skill level 11 in Spellcasting
 44638 | Spider:2 | Learned a level 3 spell: Stone Arrow
 45286 | Spider:1 | Gained mutation: Your magical capacity is low. (-10% MP) [a
                  | neqoxec]
 45441 | Lair:2   | Noticed a bone dragon
 45640 | Swamp:1  | Entered Level 1 of the Swamp
 45666 | Swamp:1  | Reached skill level 1 in Earth Magic
 46123 | Swamp:1  | Reached skill level 2 in Earth Magic
 47304 | Swamp:2  | Reached skill level 3 in Earth Magic
 47548 | Swamp:2  | Found a runed translucent door.
 48470 | Swamp:2  | Reached skill level 12 in Spellcasting
 49008 | Swamp:3  | Reached skill level 4 in Earth Magic
 49751 | Swamp:4  | Entered Level 4 of the Swamp
 49751 | Swamp:4  | Noticed Roxanne
 51516 | Swamp:3  | Reached skill level 5 in Evocations
 52748 | Swamp:3  | Reached XP level 18. HP: 83/114 MP: 20/31
 53519 | Swamp:4  | Noticed Bai Suzhen
 53689 | Swamp:4  | HP: 6/114 [27-headed hydra zombie (7)]
 53689 | Swamp:4  | HP: 1/114 [27-headed hydra zombie (3)]
 53689 | Swamp:4  | Slain by a 27-headed hydra zombie

Vanquished Creatures
  Gastronok (Lair:1)
  A tengu reaver (D:12)
  A frost giant (D:12)
  2 ghouls
  An orc warlord (D:9)
  7 eleionomae
  The ghost of Sirjeffry24 the Cloud Mage, an adept TeAE of Hepliaklqana (Orc:2)
  2 bunyips
  A minotaur (Gauntlet)
  An entropy weaver (Lair:2)
  A fire dragon (D:14)
  14 hydras
  Fannar (D:12)
  7 centaur warriors
  11 alligators
  A boulder beetle (D:14)
  A merfolk avatar (Lair:5)
  A two-headed ogre (D:12)
  An orc high priest (Orc:2)
  9 death yaks
  2 tengu warriors (D:15)
  3 demonic crawlers
  A hell knight (Volcano)
  Sonja (Lair:2)
  A pharaoh ant (Spider:2)
  A sun moth (Lair:2)
  3 skysharks
  2 skeletal warriors (D:14)
  2 spriggan druids
  4 swamp dragons
  2 orb spiders
  2 sea snakes
  2 flayed ghosts (Swamp:4)
  2 deep elf pyromancers (D:13)
  An arcanist (D:13)
  A steelbarb worm (Spider:1)
  5 spectral hydras (Swamp:4)
  8 ugly things
  A phantasmal warrior (Swamp:4)
  2 orc knights
  2 wolf spiders
  6 orc sorcerers
  3 salamanders (Volcano)
  4 will-o-the-wisps
  3 cyclopes
  4 manticores
  5 elephants
  A water nymph (D:15)
  5 cane toads
  A torpor snail (Lair:4)
  3 black mambas
  2 unseen horrors (D:12)
  Psyche (D:11)
  5 komodo dragons
  2 rime drakes
  3 freezing wraiths
  A tengu conjurer (D:15)
  A hydra zombie (Swamp:4)
  A bloated husk (Swamp:1)
  7 tarantellas (Spider:1)
  5 hornets
  5 trolls
  4 polar bears
  2 death drake zombies (Swamp:4)
  A snapping turtle (Lair:5)
  6 tyrant leeches
  17 blink frogs
  A wind drake (Lair:5)
  A hydra skeleton (Swamp:4)
  6 jumping spiders
  2 slime creatures (D:15)
  A death drake skeleton (Swamp:4)
  3 culicivoras
  A shadow (D:12)
  A vampire (D:10)
  A centaur simulacrum (D:15)
  4 spriggans
  2 wraiths
  2 water elementals (D:11)
  6 wyverns
  38 yaks
  A basilisk (Lair:5)
  6 vampire mosquitoes
  2 steam dragons
  18 redbacks
  A neqoxec (Orc:2)
  An acid dragon (D:11)
  9 swamp worms
  14 water moccasins
  A hydra simulacrum (Swamp:4)
  A swamp dragon zombie (Swamp:4)
  2 swamp drakes (Swamp:4)
  3 sky beasts
  40 orc warriors
  An ice beast (D:5)
  22 wolves
  3 ogres
  3 boggarts (Gauntlet)
  10 centaurs
  A phantom (D:5)
  A kobold brigand (D:7)
  3 scorpions
  8 bullfrogs
  6 wights (D:9)
  20 killer bees
  4 howler monkeys
  9 electric eels
  A jelly (D:6)
  3 quasits (Orc:2)
  6 hounds
  29 orc priests
  Terence (D:2)
  38 orc wizards
  Natasha (thrice) (D:1)
  4 iguanas
  7 hell rats (Lair:2)
  A boggart simulacrum (D:14)
  Robin (D:2)
  2 gnolls
  11 adders
  A shadow imp (D:8)
  6 white imps
  2 worms (D:2)
  5 dart slugs
  69 orcs
  10 ball pythons
  3 endoplasms
  2 giant cockroaches
  22 goblins
  10 hobgoblins
  10 jackals
  3 quokkas
  5 bats
  4 frilled lizards
  27 kobolds
  7 rats
763 creatures vanquished.

Vanquished Creatures (collateral kills)
  A dire elephant (D:15)
  2 bunyips (Swamp:3)
  3 hydras
  A catoblepas (Lair:5)
  A radroach (Lair:2)
  3 boulder beetles
  A centaur warrior (D:15)
  7 death yaks
  3 demonic crawlers (Lair:2)
  A tengu warrior (D:15)
  A skyshark (Lair:5)
  3 goliath frogs
  2 salamander mystics
  An orb spider (Spider:1)
  A skeletal warrior (D:14)
  A spriggan druid (Swamp:4)
  2 swamp dragons
  2 bog bodies
  4 ugly things
  An orc sorcerer (Orc:2)
  3 salamanders (Volcano)
  A cyclops (D:13)
  A wolf spider (Spider:1)
  5 manticores
  4 elephants
  A torpor snail (Lair:5)
  5 cane toads
  2 gargoyles (D:12)
  2 rime drakes
  A komodo dragon (D:12)
  4 trolls
  2 tyrant leeches
  2 polar bears
  A tarantella (Spider:1)
  A snapping turtle (Lair:5)
  2 hornets (Gauntlet)
  6 blink frogs
  A slime creature (D:15)
  A spriggan (Swamp:3)
  2 wraiths (D:12)
  3 vampire mosquitoes
  5 basilisks
  8 yaks
  3 redbacks (Spider:2)
  A neqoxec (Orc:2)
  4 swamp worms
  5 water moccasins
  A swamp drake (Swamp:4)
  2 orc warriors
  6 wolves
  2 centaurs
  2 bullfrogs (Lair:3)
  A killer bee (D:11)
  2 howler monkeys
  3 orc priests
  An orc wizard (D:14)
  8 white imps (Lair:3)
  5 orcs
150 creatures vanquished.

Vanquished Creatures (others)
  A swamp worm (Swamp:4)
  27 foxfires
  A spectral weapon (D:12)
29 creatures vanquished.

Grand Total: 942 creatures vanquished

Table legend: (Time is in decaauts)
 A = Elapsed time spent in this place.
 B = Non-inter-level travel time spent in this place.
 C = Inter-level travel time spent in this place.
 D = Time resting spent in this place.
 E = Time spent auto-exploring this place.
 F = Levels seen in this place.
 G = Mean time per level.
                   A        B        C        D        E       F      G
               +--------+--------+--------+--------+--------+-----+--------+
         Total |  53795 |  50832 |   2963 |  12488 |  30628 |  32 | 1681.1 |
       Dungeon |  24462 |  22615 |   1847 |   3175 |  16560 |  15 | 1630.8 |
        Temple |     80 |     58 |     22 |      0 |     36 |   1 |   80.0 |
          Lair |  12534 |  12085 |    449 |   3727 |   6316 |   5 | 2506.8 |
         Swamp |   7549 |   7042 |    507 |   2464 |   3627 |   4 | 1887.2 |
   Spider Nest |   1594 |   1562 |     32 |    327 |    903 |   2 |  797.0 |
  Orcish Mines |   4657 |   4553 |    104 |   1571 |   2218 |   2 | 2328.5 |
        Bailey |   1112 |   1112 |      0 |    394 |    433 |   1 | 1112.0 |
       Volcano |    762 |    762 |      0 |    360 |    234 |   1 |  762.0 |
      Gauntlet |   1040 |   1040 |      0 |    470 |    301 |   1 | 1040.0 |
               +--------+--------+--------+--------+--------+-----+--------+

Top non-repeatable levels by time:
 Swamp:3: 3799 daAuts
  Lair:2: 3711 daAuts
     D:9: 2728 daAuts
   Orc:2: 2668 daAuts
  Lair:4: 2630 daAuts
  Lair:5: 2484 daAuts
    D:12: 2479 daAuts
     D:2: 2036 daAuts
  Lair:1: 2031 daAuts
   Orc:1: 1988 daAuts
 Swamp:2: 1963 daAuts
     D:8: 1932 daAuts
    D:15: 1856 daAuts
  Lair:3: 1676 daAuts
     D:1: 1663 daAuts

Table legend:
 A = Non-vault XP
 B = Vault XP
 C = Vault XP percentage of total XP
 D = Non-vault monster count
 E = Vault monster count
 F = Vault count percentage of total count
                 A         B        C        D         E       F
            +---------+---------+-------+---------+---------+-------
      Total |  156850 |   69836 |  30.8 |     671 |     243 |  26.6
            +---------+---------+-------+---------+---------+-------
        D:1 |     123 |      36 |  22.6 |      28 |       1 |   3.4
        D:2 |      80 |      75 |  48.4 |      26 |      14 |  35.0
        D:3 |     105 |       0 |   0.0 |      22 |       0 |   0.0
        D:4 |     165 |       0 |   0.0 |      18 |       0 |   0.0
        D:5 |     726 |       0 |   0.0 |      13 |       0 |   0.0
        D:6 |     644 |       0 |   0.0 |      10 |       0 |   0.0
        D:7 |    1447 |       0 |   0.0 |      23 |       0 |   0.0
        D:8 |    1776 |       0 |   0.0 |      26 |       0 |   0.0
        D:9 |    4540 |     865 |  16.0 |      32 |      18 |  36.0
       D:10 |    2660 |       0 |   0.0 |      23 |       0 |   0.0
       D:11 |    4125 |     379 |   8.4 |      32 |       1 |   3.0
       D:12 |    5368 |    8777 |  62.1 |      20 |      17 |  45.9
       D:13 |    4782 |    3095 |  39.3 |      16 |       6 |  27.3
       D:14 |    7388 |       0 |   0.0 |      16 |       0 |   0.0
       D:15 |   14455 |    3120 |  17.8 |      26 |       4 |  13.3
     Lair:1 |    5754 |    1513 |  20.8 |      27 |       1 |   3.6
     Lair:2 |   15939 |    1500 |   8.6 |      45 |       2 |   4.3
     Lair:3 |    4252 |    1631 |  27.7 |      20 |      19 |  48.7
     Lair:4 |   10120 |    7910 |  43.9 |      31 |      13 |  29.5
     Lair:5 |   12971 |   10097 |  43.8 |      40 |      25 |  38.5
    Swamp:1 |   12556 |       0 |   0.0 |      23 |       0 |   0.0
    Swamp:2 |    9487 |       0 |   0.0 |      18 |       0 |   0.0
    Swamp:3 |   13834 |    5289 |  27.7 |      20 |       6 |  23.1
    Swamp:4 |    4059 |   11227 |  73.4 |       9 |      24 |  72.7
   Spider:1 |    9914 |       0 |   0.0 |      34 |       0 |   0.0
   Spider:2 |    3811 |       0 |   0.0 |      12 |       0 |   0.0
      Orc:1 |    3012 |       0 |   0.0 |      30 |       0 |   0.0
      Orc:2 |    2757 |    6381 |  69.8 |      31 |      50 |  61.7
     Bailey |       0 |     851 | 100.0 |       0 |      27 | 100.0
    Volcano |       0 |    4710 | 100.0 |       0 |       8 | 100.0
   Gauntlet |       0 |    2380 | 100.0 |       0 |       7 | 100.0
            +---------+---------+-------+---------+---------+-------

Levels and vault maps discovered:
D:1:      mrwooster_arrival_statue, layout_rooms,
          shapermc_ecumenical_altar_starsandcircs
D:2:      layout_basic, serial_shops, nicolae_shop_tiny_glass, shop, shop,
          nicolae_square_shop, nicolae_shop_tiny_real_fake_doors,
          chequers_serial_rivers_room_a, uniq_robin, uniq_natasha, uniq_terence
D:3:      layout_basic, hangedman_decor_clover_reticule
D:4:      layout_layer_cave
D:5:      layout_basic, nicolae_overflows_in_rows,
          nicolae_overflow_crystal_walls, minmay_temple_entry_tees
D:6:      layout_basic
D:7:      layout_basic, serial_shops, nicolae_shop_tiny_statue_garden
D:8:      layout_loops_cross, nicolae_vehumet_radiance, lair_entry_dummy,
          enter_bailey_6
D:9:      layout_irregular_city, david_orc_4
D:10:     layout_rooms
D:11:     layout_basic, grunt_gozag_statues, uniq_psyche
D:12:     nzn_winding_woodlands_cross [nzn_winding_woodlands_5x15_cabin,
          nzn_winding_woodlands_5x15_river_crossing,
          nzn_winding_woodlands_5x15_eye, nzn_winding_woodlands_5x15_pockets,
          nzn_winding_woodlands_15x15_boxy_spiral], layout_cave_pools,
          serial_column_ruins, column_ruins_circle_medium,
          column_ruins_square_medium, column_ruins_open_tiny,
          column_ruins_columns_straight, column_ruins_open_medium,
          column_ruins_open_tiny, column_ruins_open_small,
          column_ruins_open_medium, minmay_misc_feat_more_columns,
          nicolae_shop_firing_range, uniq_fannar
D:13:     layout_stronghold, david_vaults_1
D:14:     layout_rooms
D:15:     hangedman_depths_entry_try_elsewhere_first, layout_long_grid
Temple:   chequers_temple_sunken
Lair:1:   layout_layer_cave, nicolae_volcano_entry_hallway, uniq_gastronok
Lair:2:   layout_cave_shapes, nicolae_spider_entry_orb_guardian, serial_forest,
          infiniplex_forest_lined_corner, infiniplex_forest_straight_4,
          infiniplex_forest_clump_cross, infiniplex_forest_pool,
          infiniplex_forest_lined_1, infiniplex_forest_straight_5,
          infiniplex_forest_zigzag_1, infiniplex_forest_end_1,
          infiniplex_staircase_pool, uniq_sonja
Lair:3:   layout_roguey, skrybe_swamp_entry_bodies, portal_ice_cave_entry_imps,
          beast_lair_carwin_5
Lair:4:   layout_small_grid, guppyfry_lair_drakes, grunt_megastairs_3,
          serial_bayou_shore_a, serial_bayou_shore_b
Lair:5:   gammafunk_lair_ancient_temple, layout_layer_cave,
          dpeg_slime_entry_enclosed, gauntlet_entry_generic,
          nicolae_lair_yak_garden
Swamp:1:  layout_basic_swamp, hangedman_swamp_ruin_wall, swamp_pool_1_2
Swamp:2:  layout_falls_marsh, ebering_ghost_inner_flame,
          evilmike_swamp_ruin_rubble_2, nicolae_swamp_bean_lake, swamp_pool_3
Swamp:3:  layout_basic_swamp, evilmike_swamp_ruin_rubble_1, swamp_pool_1_2,
          nicolae_swamp_decorative_isthmus
Swamp:4:  byrel_swamp_growth_death_and_undeath, layout_basic_swamp,
          uniq_bai_suzhen, uniq_roxanne
Spider:1: layout_spider_delve, uniq_mlioglotl
Spider:2: cheibrodos_spider_deadly_dance, uniq_jorgrun, uniq_frances
Orc:1:    layout_diamond_mine, basic_altar
Orc:2:    st_orc_mages, layout_diamond_mine, gammafunk_ghost_stat_death,
          serial_shops, nicolae_shop_tiny_glass, shop, shop,
          nicolae_shop_statue_plus, shop
